Map: Dusk Towers

Players

LilDicky - Winner!

  • Race: Terran Terran
  • League: Diamond

Min

  • Race: Protoss Protoss
  • League: Platinum

VOD

http://www.twitch.tv/tumescentpie

Description

Time

  • Played on: Jan. 3, 2016, 1:31 a.m.
  • Length: 6:34
Show
View Real Time Build Order
Export as new Build Order

LilDicky Terran - Winner!

Build Orders: MMM Bio 

Get SALT Encoding   

  12  0:01  SCV  
  13  0:13  SCV  
  14  0:18  Supply Depot  
  14  0:25  SCV  
  15  0:31  Refinery  
  15  0:39  SCV  
  16  0:45  Barracks  
  16  0:55  SCV  
  17  1:08  SCV  
  18  1:20  SCV  
  19  1:32  Orbital Command  
  19  1:35  Supply Depot, Marine  
  20  1:40  Factory  
  20  1:52  Marine  
  21  2:01  SCV  
  22  2:02  Refinery  
  22  2:08  Barracks  
  22  2:16  Barracks Reactor  
  22  2:17  Barracks  
  22  2:23  SCV  
  23  2:35  SCV  
  24  2:47  SCV  
  25  2:53  Marine x2  
  27  2:59  SCV  
  27  3:00  Engineering Bay  
  27  3:03  Widow Mine  
  29  3:06  Barracks Tech Lab x2  
  29  3:10  Marine  
  29  3:12  SCV  
  31  3:15  Supply Depot  
  31  3:25  Combat Shields, Stimpack  
  31  3:37  SCV, Marine x4  
  38  3:51  SCV, Starport  
  38  3:55  Marine  
  38  4:00  Marine  
  39  4:04  Supply Depot  
  39  4:09  SCV, Marauder x2  
  43  4:24  SCV  
  43  4:25  Supply Depot, Marine  
  43  4:26  Marine  
  43  4:29  Medivac  
  47  4:32  Marine  
  47  4:33  Marine  
  47  4:36  Supply Depot, SCV  
  50  4:49  Supply Depot  
  50  4:59  Marine, Marauder, Medivac  
  56  5:00  Marauder  
  56  5:05  Marine  
  58  5:07  SCV  
  59  5:19  SCV  
  60  5:23  Marauder, Marine x2  
  60  5:26  Marine  
Show
View Real Time Build Order
Export as new Build Order

Min Protoss 

Build Orders: 1 Gate Expand, Blink Stalkers 

Get SALT Encoding   

  12  0:01  Probe (Chrono Boost)  
  13  0:12  Probe (Chrono Boost)  
  14  0:20  Pylon  
  14  0:23  Probe (Chrono Boost)  
  15  0:38  Probe (Chrono Boost), Gateway  
  15  0:42  Assimilator  
  16  0:49  Probe (Chrono Boost)  
  17  0:59  Probe (Chrono Boost)  
  18  1:10  Probe (Chrono Boost)  
  19  1:19  Nexus  
  19  1:22  Probe (Chrono Boost)  
  20  1:31  Cybernetics Core  
  20  1:35  Probe (Chrono Boost)  
  21  1:41  Assimilator  
  21  1:46  Probe (Chrono Boost)  
  22  1:51  Pylon  
  22  1:56  Probe (Chrono Boost)  
  23  2:09  Adept  
  23  2:11  Mothership Core (Chrono Boost)  
  27  2:16  Pylon  
  27  2:20  Warp Gate  
  27  2:29  Probe (Chrono Boost)  
  28  2:37  Probe (Chrono Boost)  
  28  2:39  Probe (Chrono Boost)  
  30  2:48  Probe (Chrono Boost), Twilight Council  
  30  2:50  Probe (Chrono Boost)  
  33  2:58  Probe (Chrono Boost)  
  33  2:59  Robotics Facility  
  33  3:00  Probe (Chrono Boost)  
  34  3:09  Probe (Chrono Boost)  
  34  3:11  Probe (Chrono Boost)  
  36  3:19  Probe (Chrono Boost), Adept  
  39  3:21  Probe (Chrono Boost)  
  39  3:25  Blink (Chrono Boost)  
  40  3:28  Probe  
  40  3:33  Probe  
  42  3:38  Probe  
  43  3:45  Probe  
  43  3:47  Observer (Chrono Boost)  
  35  3:49  Probe  
  36  3:55  Pylon  
  36  3:57  Probe, Pylon  
  36  4:00  Probe  
  38  4:09  Probe  
  39  4:10  Probe  
  39  4:15  Observer (Chrono Boost)  
  39  4:21  Probe x2  
  39  4:23  Assimilator  
  41  4:24  Assimilator  
  41  4:31  Probe  
  41  4:33  Probe  
  44  4:38  Observer (Chrono Boost)  
  44  4:42  Probe  
  44  4:43  Adept  
  48  4:45  Probe  
  48  4:52  Probe  
  48  4:57  Probe, Observer (Chrono Boost)  
  51  5:04  Stalker, Probe  
  54  5:09  Probe  
  55  5:16  Probe  
  56  5:21  Observer  
  56  5:22  Probe  
  56  5:23  Gateway  
  56  5:25  Gateway  
  56  5:27  Gateway  
  58  5:29  Sentry  
  60  5:37  Pylon  
  60  5:39  Pylon  
Tags
 
Add a new tag
Caveats
  • Supply blocks, unpowered buildings, or Contaminate may cause inaccurate times.
  • Supply counts are checked every 10 seconds.